[Event "*** Titled Tuesday Blitz"]
[Site "Chess.com"]
[Date "2020.05.05"]
[Round "8"]
[White "XiaoKangZhong"]
[Black "Djager97"]
[Result "0-1"]
[WhiteElo "2319"]
[BlackElo "2477"]
[TimeControl "180+1"]
[EndTime "11:36:24 PDT"]
[Termination "Djager97 won by checkmate"]

1. e4 c5 2. c3 d5 3. exd5 Qxd5 4. d4 g6 5. Nf3 Bg7 6. Be3 Nf6 7. Na3 O-O 8. Bc4 Qd8 9. dxc5 Nc6 10. Nd4 Ng4 11.
Nxc6 bxc6 12. Nc2 Nxe3 13. Nxe3 Qa5 14. O-O Qxc5 15. Qf3 a5 16. Rfd1 Ba6 17. Qe4 Bxc4 18.
Qxc4 Qxc4 19. Nxc4 a4 20. Kf1 a3 21. bxa3 Bxc3 22.
Rac1 Bf6 23. Ke2 c5 24. Rd2 Bd4 25. Rd3 Kg7 26. Rb3 Ra6 27. Rb7 Re6+ 28. Kf1 Rf6 29. Rc2 e5 30. a4 Ra8 31. a5 e4 32. Re2 e3 33. f3 h5 34. Re1 h4 35. Ke2 h3 36. g3 Re6 37. Reb1 Rea6 38. R1b6 Rxa5 39. Nxa5 Rxa5 40. Re7 Rxa2+ 41. Kd3 Rxh2 42. Rbb7 Rd2+ 43. Kc4 h2 44. Rxf7+ Kh6 45. Rh7+ Kg5 46. Rh4 e2 47. Rf7 Bf6 48. f4+ Kf5 49. g4+ Kxf4 50. Rxf6+ Kg5 51. Rxh2 Kxf6 52. Rh1 Rd1 53. g5+ Kxg5 54. Rh2 e1=Q 55. Rg2+ Kf6 56. Rc2 Kg7 57. Kxc5 Rc1 58. Kb5 Rxc2 59.
Ka4 Qb1 60. Ka3 Ra2# 0-1

[Event "*** Titled Tuesday Blitz"]
[Site "Chess.com"]
[Date "2020.05.05"]
[Round "8"]
[White "larisakalinina"]
[Black "VladimirBugayev"]
[Result "0-1"]
[WhiteElo "2026"]
[BlackElo "2249"]
[TimeControl "180+1"]
[EndTime "11:36:26 PDT"]
[Termination "VladimirBugayev won on time"]

1. e4 c6 2. d4 d5 3. Nc3 dxe4 4. Nxe4 Bf5 5. Ng3 Bg6 6. Nh3 e6 7. Nf4 Bd6 8. h4 Qc7 9. Qf3 Bxc2 10. h5 h6 11. Bd3 Bxd3 12. Nxd3 Nd7 13. Ne4 Ngf6 14.
Nxd6+ Qxd6 15. Be3 Qd5 16. Qxd5 Nxd5 17. Bd2 O-O-O 18.
O-O-O Rhe8 19. Rhe1 N7f6 20. Ne5 Re7 21. g4 Nd7 22.
Nd3 N7b6 23. b3 Nf6 24. Bb4 Red7 25. Ne5 Rxd4 26. Rxd4 Rxd4 27. Bc5 Rd5 28. Bxb6 axb6 29. f3 Kc7 30. Nxf7 Kd7 31. Ne5+ Kd6 32. Nc4+ Ke7 33. Kc2 b5 34. Ne3 Rd4 35. Kc3 c5 36. Nc2 Nd5+ 37. Kb2 Rd3 38. Re2 Rxf3 39. Na3 b4 40. Nc4 b5 41. Nd2 Re3 42. Rxe3 Nxe3 43. Ne4 Nxg4 44. Nxc5 Nf6 45. Nd3 Nxh5 46. Nxb4 g5 47. Nc6+ Kd6 48. Nd4 b4 49. a4 bxa3+ 50. Kxa3 Nf4 51. Kb4 Nd5+ 52.
Kc4 e5 53. Ne2 g4 54. Kd3 h5 55. Ke4 Ke6 0-1

[Event "*** Titled Tuesday Blitz"]
[Site "Chess.com"]
[Date "2020.05.05"]
[Round "8"]
[White "chesstrainer2042"]
[Black "Batsai"]
[Result "1-0"]
[WhiteElo "2441"]
[BlackElo "2272"]
[TimeControl "180+1"]
[EndTime "11:36:27 PDT"]
[Termination "chesstrainer2042 won by checkmate"]

1. e4 e6 2. d4 d5 3. Nd2 Nf6 4. e5 Nfd7 5. c3 c5 6. Ngf3 Nc6 7. Nb3 a5 8. a4 Be7 9. Bb5 cxd4 10. cxd4 Nb4 11. O-O O-O 12. Bd2 Nb6 13. Nc5 Nc4 14.
Bxb4 axb4 15. Qb3 b6 16. Nd3 Na5 17. Qd1 Bd7 18. Bxd7 Qxd7 19. b3 Rfc8 20. Rb1 Rc3 21.
Nfe1 b5 22. axb5 Qxb5 23. f4 Qb6 24. Nf3 Nc6 25. Nf2 Ra3 26. Kh1 Na5 27. Nh3 h6 28.
f5 exf5 29. Nf4 Qc6 30. e6 fxe6 31. Ne5 Qc8 32. Qh5 Bf6 33. Qf7+ Kh7 34. Nxe6 Bxe5 35. dxe5 Qg8 36. Qxf5+ Kh8 37. Qg4 Raxb3 38. Rbd1 Rc4 39. Qf5 Rc8 40. Nf4 Rbc3 41. Ng6+ Kh7 42. e6 b3 43. Ne7+ g6 44. Qe5 Qg7 45. Rf7 Qxf7 46. exf7 Rc1 47. Rg1 b2 48. Qxb2 Rxg1+ 49. Kxg1 Nc4 50. Qf6 Rf8 51. Qxg6+ Kh8 52. Qxh6# 1-0

[Event "*** Titled Tuesday Blitz"]
[Site "Chess.com"]
[Date "2020.05.05"]
[Round "8"]
[White "Indianlad"]
[Black "IMTominho"]
[Result "0-1"]
[WhiteElo "2906"]
[BlackElo "2814"]
[TimeControl "180+1"]
[EndTime "11:36:28 PDT"]
[Termination "IMTominho won on time"]

1. e4 e5 2. Nf3 Nf6 3. Nxe5 d6 4. Nf3 Nxe4 5. Bd3 Nf6 6. O-O Be7 7. c3 O-O 8. h3 b6 9. Re1 Bb7 10. Bc2 Nbd7 11.
d4 Re8 12. Nbd2 Bf8 13. Rxe8 Qxe8 14. Nf1 h6 15. Bf4 b5 16. Ng3 Nb6 17. Qd3 g6 18. Re1 Qc6 19. Qd2 Kh7 20. h4 Re8 21. h5 Rxe1+ 22.
Qxe1 Nbd5 23. hxg6+ fxg6 24. Bd2 Qd7 25. Nh4 Ne7 26.
f3 Bd5 27. Qe3 Bf7 28. b3 a6 29. Qd3 Bg7 30. c4 Kg8 31. d5 c6 32. dxc6 Qxc6 33. Bf4 bxc4 34. Qxd6 Nfd5 35. Be5 Qxd6 36. Bxd6 Bd4+ 37.
Kh2 c3 38. Ne2 Bf6 39. g3 Kg7 40. Ng2 Nc6 41. a3 g5 42. f4 Bh5 43. fxg5 hxg5 44. Nc1 Bf3 45. Bd3 Ne5 46. Ne1 Nxd3 47. Ncxd3 Be4 48.
Be5 Bxd3 49. Nxd3 Bxe5 50. Nxe5 Kf6 51. Nd3 Kf5 52. Kg2 Ke4 53. Nc1 Ke3 54. b4 c2 0-1

[Event "*** Titled Tuesday Blitz"]
[Site "Chess.com"]
[Date "2020.05.05"]
[Round "8"]
[White "GMartin_Petrov"]
[Black "Kobalia"]
[Result "0-1"]
[WhiteElo "2609"]
[BlackElo "2748"]
[TimeControl "180+1"]
[EndTime "11:36:28 PDT"]
[Termination "Kobalia won by resignation"]

1. e4 c6 2. d4 d5 3. e5 Bf5 4.
Nf3 e6 5. Be2 Ne7 6. O-O c5 7. c4 Nbc6 8. Nc3 cxd4 9. Nb5 Ng6 10.
Nfxd4 dxc4 11. Nxf5 exf5 12. Bxc4 Ngxe5 13. Qe2 Be7 14. Bf4 a6 15. Rad1 Qb8 16. Bxe5 Nxe5 17. Rfe1 O-O 18. Nd4 Bf6 19. Nxf5 Nxc4 20. Qxc4 Re8 21. h3 b5 22. Qd5 Qc7 23. Re3 Red8 24. Qf3 Rxd1+ 25.
Qxd1 Rd8 26. Qg4 g6 27. g3 Qd7 28. Rf3 h5 29. Nh6+ Kg7 30. Qf4 Qd4 31. Qc7 Qd1+ 32. Kg2 Qd7 33. Qb6 Qd6 34. Qb7 Kxh6 35. Qxf7 Rf8 36. Qb3 Qc6 37. Qd3 Bg7 38. Qe3+ Kh7 39. h4 Qxf3+ 40. Qxf3 Rxf3 41. Kxf3 Bxb2 42. Ke4 b4 43.
Kd5 a5 44. f3 Bc3 45. Kc4 Kg7 46. Kb5 Kf6 47. g4 Kf7 48. Ka4 Ke6 49. Kb5 Ke5 50. gxh5 gxh5 51. Kc4 Kf4 52. a3 Kxf3 53. a4 Kg4 0-1

[Event "*** Titled Tuesday Blitz"]
[Site "Chess.com"]
[Date "2020.05.05"]
[Round "8"]
[White "PavlovDanila"]
[Black "Vesper2018"]
[Result "0-1"]
[WhiteElo "2666"]
[BlackElo "2192"]
[TimeControl "180+1"]
[EndTime "11:36:29 PDT"]
[Termination "Vesper2018 won on time"]

1. e4 c5 2. Nf3 d6 3. d4 cxd4 4. Nxd4 Nf6 5. Nc3 a6 6. Be3 e5 7. Nb3 Be6 8. Qd2 Nbd7 9. O-O-O b5 10. f4 Rc8 11. Kb1 Be7 12. f5 Bc4 13. g4 h6 14. Rg1 Nb6 15. Qf2 Na4 16. Nxa4 bxa4 17.
Nd2 Bb5 18. c4 Bc6 19. Bd3 Rb8 20. h4 Qa5 21. Rc1 Qb4 22. Rc2 Qb7 23. Qf3 h5 24. g5 Ng4 25. a3 O-O 26. Ka2 Rfc8 27. f6 Bf8 28. fxg7 Bxg7 29. Rxg4 hxg4 30. Qxg4 Bd7 31. Qf3 Be6 32. h5 d5 33. h6 dxc4 34.
Bxc4 Bxc4+ 35. Nxc4 Rxc4 36. Rf2 Rd8 37. Rf1 Rc2 38.
Bc1 Qb3+ 39. Qxb3 axb3+ 40. Kxb3 Rdc8 41. Be3 Bf8 42. h7+ Kxh7 43. Rxf7+ Kg8 44. Rf6 Re2 45.
Ba7 Bc5 46. Bxc5 Rxc5 47. Rxa6 Rxe4 48. a4 Re1 49. Rb6 e4 50. Kb4 Rc2 51. b3 e3 52. a5 e2 53. Re6 Ra1 54. Kb5 e1=Q 55. Rxe1 Rxe1 56. b4 Rb2 57. Kc5 Reb1 58. a6 Rxb4 59. a7 Ra4 0-1

[Event "*** Titled Tuesday Blitz"]
[Site "Chess.com"]
[Date "2020.05.05"]
[Round "8"]
[White "dennisodessa"]
[Black "nickmatta"]
[Result "1/2-1/2"]
[WhiteElo "2309"]
[BlackElo "2449"]
[TimeControl "180+1"]
[EndTime "11:36:29 PDT"]
[Termination "Game drawn - insufficient material"]

1. c4 c5 2. g3 Nc6 3. Bg2 g6 4. Nf3 Bg7 5. O-O d6 6. Nc3 e6 7. Rb1 Nge7 8. a3 O-O 9. b4 b6 10. bxc5 dxc5 11. Bb2 Bb7 12. Nb5 Bxb2 13. Rxb2 Qd7 14. d3 Nf5 15. a4 Nfd4 16. Nbxd4 Nxd4 17. Nxd4 Qxd4 18. Bxb7 Qxb2 19. Bxa8 Rxa8 20. Re1 Rd8 21. Qa1 Qc2 22. Qd1 Qc3 23. Qa1 Qd2 24. Qc1 Qa5 25. Qa1 f6 26. Rb1 e5 27. Rb5 Qd2 28.
Rb2 Qc3 29. Ra2 Qa5 30. Kg2 Rd4 31. Ra3 Kg7 32. Qc3 Qxc3 33. Rxc3 f5 34. f3 e4 35.
fxe4 fxe4 36. Kf2 Kf6 37. Ke3 Ke5 38. Ra3 exd3 39. exd3 h5 40. a5 h4 41. axb6 axb6 42. Ra8 hxg3 43. hxg3 Rg4 44. Kf3 Rg5 45. Rb8 Kd4 46.
Rxb6 Kxd3 47. Kf4 Rf5+ 48. Kg4 Kxc4 49. Rxg6 Rf1 50. Rc6 Kb5 51. Rc8 c4 52. Kh5 Rf5+ 53. Kh6 Rc5 54. Rb8+ Ka4 55. g4 c3 56. Rb1 c2 57.
Rc1 Kb3 58. g5 Kb2 59. Rxc2+ Kxc2 60. g6 Rc6 61. Kh7 Kd3 62. g7 Rc7 63. Kh8 Rxg7 64. Kxg7 1/2-1/2

[Event "*** Titled Tuesday Blitz"]
[Site "Chess.com"]
[Date "2020.05.05"]
[Round "8"]
[White "White_Ghost"]
[Black "Rafael_Ventura"]
[Result "1/2-1/2"]
[WhiteElo "2450"]
[BlackElo "2305"]
[TimeControl "180+1"]
[EndTime "11:36:29 PDT"]
[Termination "Game drawn by agreement"]

1. d4 Nf6 2. c4 e6 3. Nf3 Bb4+ 4. Bd2 Qe7 5. g3 O-O 6. Bg2 Bxd2+ 7. Qxd2 a5 8. Nc3 d6 9. O-O e5 10. d5 Na6 11. e4 Nc5 12. Ne1 Nh5 13. Nd3 b6 14.
Rae1 g6 15. f4 f6 16. Rf2 Bd7 17. Ref1 a4 18. Nxc5 bxc5 19. Qe2 Rab8 20. f5 Ng7 21. g4 g5 22. Bf3 Kf7 23. Qd3 Rh8 24. Bd1 Qe8 25.
Kg2 h5 26. h3 h4 27. a3 Rb6 28.
Rd2 Qa8 29. Rff2 Rhb8 30. Qc2 Rb3 31. Qc1 R3b6 32. Be2 Rb3 33. Nb5 Rg3+ 34. Kh2 Bxb5 35. cxb5 Qa5 36. Qc2 Ne8 37. Bc4 Ke7 38. Rd3 Rxd3 39.
Qxd3 Rb6 40. Qc3 Qxc3 41. bxc3 c6 42. dxc6 Nc7 43. Rb2 d5 44. Bd3 d4 45. c4 Ne8 46.
Kg2 Kd6 47. Kf3 Kc7 48. Bc2 Nd6 49. Bd3 Rb8 50. Ke2 Kb6 51. Rc2 Ra8 52. Rc1 Rc8 53. Kf3 Ra8 54. Bf1 Rb8 55. Bg2 Ra8 56. Ke2 Rb8 57. Kd3 Ra8 58. Bf3 Ra5 59. Rb1 Ra8 60. Bg2 Ra7 61. Bf3 Ra8 62. Be2 Ra7 63. Bd1 Ra8 64.
c7 Kxc7 65. Bf3 Kb6 66. Be2 Ra7 67. Bd1 1/2-1/2

[Event "*** Titled Tuesday Blitz"]
[Site "Chess.com"]
[Date "2020.05.05"]
[Round "8"]
[White "NotFischer"]
[Black "calin_dragomirescu"]
[Result "1/2-1/2"]
[WhiteElo "2164"]
[BlackElo "2299"]
[TimeControl "180+1"]
[EndTime "11:36:29 PDT"]
[Termination "Game drawn by repetition"]

1. Nf3 g6 2. d4 Bg7 3. Bf4 d6 4.
Nc3 Nf6 5. e4 c6 6. Qd2 b5 7.
Bd3 Nbd7 8. O-O O-O 9. Rfe1 b4 10. Ne2 a5 11. Ng3 Qc7 12. Bh6 e5 13. dxe5 Nxe5 14.
Nxe5 dxe5 15. h4 Bg4 16. f3 Be6 17. h5 c5 18. b3 c4 19. bxc4 Bxc4 20. Bxg7 Kxg7 21.
h6+ Kh8 22. Qg5 Qb6+ 23. Kh2 Bxd3 24. cxd3 Rae8 25. Rac1 Ng8 26. Nf5 Qf6 27. Qxf6+ Nxf6 28. Nd6 Rb8 29. Rc5 a4 30. Rxe5 b3 31. axb3 axb3 32. Rb1 Ng8 33. Re7 Nxh6 34. g4 Rb6 35. e5 f6 36. d4 fxe5 37. dxe5 Rxf3 38. Rc1 Nxg4+ 39.
Kg2 Rf8 40. Rcc7 Rfb8 41. Rxh7+ Kg8 42. Rcg7+ Kf8 43. Rf7+ Kg8 44. Rhg7+ Kh8 45. Rh7+ Kg8 46. Rhg7+ Kh8 47. Rxg6 Ne3+ 48. Kh3 b2 49. Rh6+ Kg8 50.
Rhh7 b1=Q 51. Rfg7+ Kf8 52. Rf7+ Kg8 53. Rfg7+ Kf8 54.
Rf7+ Kg8 1/2-1/2

[Event "*** Titled Tuesday Blitz"]
[Site "Chess.com"]
[Date "2020.05.05"]
[Round "8"]
[White "PSvidler"]
[Black "AVolodin"]
[Result "1-0"]
[WhiteElo "3012"]
[BlackElo "2671"]
[TimeControl "180+1"]
[EndTime "11:36:30 PDT"]
[Termination "PSvidler won by resignation"]

1. e4 c5 2. Nf3 Nc6 3. Bb5 e6 4. O-O Nge7 5. Re1 Qc7 6. c3 a6 7. Bf1 d5 8. e5 b5 9. d4 c4 10. a4 Bb7 11. b4 h5 12. Na3 Qb6 13. g3 Nf5 14. Bh3 g6 15. Bg5 Be7 16. Bxe7 Ncxe7 17. Qd2 bxa4 18. Nc2 Bc6 19. Reb1 Rb8 20. Ng5 h4 21. g4 Nh6 22. Ne3 Kd7 23. f4 a5 24.
Nc2 axb4 25. Nxb4 Qa7 26. Qf2 a3 27. Ra2 Rb5 28. Rba1 Ra5 29. Qxh4 Qa8 30. Qe1 Rb8 31. Qc1 Rb7 32. Rxa3 Rba7 33. Rxa5 Rxa5 34. Rxa5 Qxa5 35. Qb2 Qa4 36. Kf2 Qd1 37. Nf3 Ba4 38. Kg3 Bb3 39.
Bg2 Nc6 40. Nxc6 Kxc6 41. h3 Ng8 42. Qa3 Kd7 43. Qd6+ Ke8 44. Qb8+ Ke7 45. Qxg8 Qc1 46. Ng5 Qe3+ 47. Nf3 Qxc3 48. f5 exf5 49. gxf5 gxf5 50. Qg5+ Ke8 51. Qxf5 Qe3 52. Qf4 Qd3 53. Qd2 Qg6+ 54. Kf2 Qf5 55. Qc3 Bc2 56. Qe3 Be4 57. Kg3 Qg6+ 58.
Kh2 Qc6 59. h4 c3 60. Ne1 Bxg2 61. Kxg2 c2 62. Qc1 Qg6+ 63. Kf2 Qf5+ 64. Ke2 Qg4+ 65. Kd3 Qe4+ 66. Kc3 Qxh4 67. Nxc2 Qe4 68. Qe3 Qg6 69. Nb4 1-0

[Event "*** Titled Tuesday Blitz"]
[Site "Chess.com"]
[Date "2020.05.05"]
[Round "8"]
[White "konradrutkowski"]
[Black "GMJustin"]
[Result "1-0"]
[WhiteElo "2210"]
[BlackElo "2361"]
[TimeControl "180+1"]
[EndTime "11:36:31 PDT"]
[Termination "konradrutkowski won on time"]

1. e4 c5 2. Nf3 d6 3. d4 cxd4 4.
Nxd4 Nf6 5. Nc3 a6 6. Bc4 e6 7. Bb3 Nbd7 8. f4 Nc5 9. O-O Be7 10. f5 Qc7 11. Kh1 b5 12. a3 Nxb3 13. cxb3 Qb7 14. Bg5 O-O 15. Qf3 Bd7 16. Rad1 b4 17. axb4 Qxb4 18. Qh3 Rfe8 19. fxe6 fxe6 20. Bxf6 Bxf6 21. Rxf6 gxf6 22. Nd5 exd5 23. Qxd7 Rxe4 24. Nf3 Rae8 25. h3 R4e7 26. Qf5 Qe4 27. Qh5 Qg6 28. Qxd5+ Qf7 29.
Qxd6 Re2 30. Qg3+ Qg7 31. Qxg7+ Kxg7 32. Rd7+ R8e7 33. Rd6 Rxb2 34. Nd4 Rb1+ 35. Kh2 Kg6 36. Rxa6 Rd7 37. Nf3 Rdd1 38. Rb6 Rb2 39. Kg3 Rdb1 40. Nh4+ Kf7 41. Rb7+ Ke6 42. Rxh7 Rxb3+ 43. Nf3 R1b2 44. Rg7 Ra3 45. h4 Raa2 46. Kh3 Kf5 47. h5 Ra1 48. Kh2 Rbb1 49. Nh4+ Ke6 50. h6 Rh1+ 51. Kg3 Ra2 52. h7 Ra3+ 53. Nf3 Ra8 54. Nh2 Rh8 55. Kh3 Kf5 56.
g4+ 1-0

[Event "*** Titled Tuesday Blitz"]
[Site "Chess.com"]
[Date "2020.05.05"]
[Round "8"]
[White "hansen"]
[Black "SirMittensofMittensville"]
[Result "1-0"]
[WhiteElo "2935"]
[BlackElo "2669"]
[TimeControl "180+1"]
[EndTime "11:36:33 PDT"]
[Termination "hansen won by checkmate"]

1. Nf3 e6 2. g3 d5 3. Bg2 Nf6 4. O-O b5 5. d3 c5 6. e4 Be7 7. exd5 exd5 8. d4 c4 9. Ne5 O-O 10. Re1 Be6 11. Nc3 a6 12. Ne2 Bf5 13. a4 bxa4 14.
Nxc4 Nc6 15. Ne3 Be4 16. Rxa4 a5 17. c3 Rb8 18. Nf4 Bxg2 19. Kxg2 Qd7 20. Ra1 Rfd8 21. g4 h6 22. Qf3 Bf8 23. h4 Ne7 24. g5 hxg5 25.
hxg5 Ne4 26. g6 Nxg6 27. Nxg6 fxg6 28. Nxd5 Nxf2 29. Nf4 Ng4 30. Rxa5 Nf6 31. Nxg6 Rb5 32. Ne5 Qe8 33. Rxb5 Qxb5 34. Qc6 Qd5+ 35. Qxd5+ Nxd5 36. c4 Nb4 37. d5 Bd6 38. Nf3 Rc8 39. b3 Rb8 40. Bd2 Nd3 41. Rb1 Kf7 42. Kf1 Kf6 43. Ke2 Nc5 44. Bc3+ Kf5 45. Nd2 g5 46. Rf1+ Kg4 47.
b4 Na4 48. Ne4 Nxc3+ 49. Nxc3 Rxb4 50. Kd3 Be5 51. Nb5 Bf4 52. d6 Rb2 53. Ke4 Rd2 54. Rg1+ Kh3 55. c5 Kh2 56. Rg4 Re2+ 57. Kd5 Kh3 58. Rg1 g4 59. Nd4 Rd2 60. Ke4 Bh2 61.
Re1 g3 62. d7 g2 63. d8=Q Bg3 64. Qh8+ Bh4 65. Qc8+ Kh2 66. Qg4 Bxe1 67. Nf3+ Kh1 68. Qh3# 1-0

[Event "*** Titled Tuesday Blitz"]
[Site "Chess.com"]
[Date "2020.05.05"]
[Round "8"]
[White "Pomegranate988"]
[Black "StephenDedalus83"]
[Result "1-0"]
[WhiteElo "2492"]
[BlackElo "2661"]
[TimeControl "180+1"]
[EndTime "11:36:33 PDT"]
[Termination "Pomegranate988 won by resignation"]

1. d4 g6 2. Nf3 Bg7 3. g3 d6 4. Bg2 Nd7 5. O-O e5 6. c4 Ne7 7. Nc3 O-O 8. dxe5 dxe5 9. Qc2 Nc6 10. e3 Nc5 11. Rd1 Qe8 12. Nd5 Bf5 13. Qe2 Rc8 14.
b4 Nd3 15. e4 Nxc1 16. Raxc1 Bg4 17. Qb2 Nd4 18. Rd3 c6 19. Nc3 Be6 20. Ne2 Nxe2+ 21. Qxe2 Qe7 22. c5 f6 23. Nd2 Qf7 24. a4 Bh6 25.
Rd1 Rfd8 26. Bf1 Rxd3 27. Qxd3 Qe7 28. Nc4 Bf8 29. Qc2 Rd8 30. Rxd8 Qxd8 31. Na5 Bc8 32.
Bc4+ Kg7 33. Qd3 Qxd3 34. Bxd3 Kf7 35. Bc4+ Ke8 36. Kf1 Kd8 37. Ke2 Kc7 38. Kd3 b6 39. Nb3 Bh3 40. Kc3 Bg2 41. Bd3 h5 42. a5 Be7 43.
cxb6+ axb6 44. axb6+ Kxb6 45. Na5 Bh3 46. Nc4+ Kc7 47. Na5 Bd7 48. Bc4 f5 49. Bf7 fxe4 50. Bxg6 e3 51. fxe3 h4 52. Nc4 Bf6 53. e4 hxg3 54.
hxg3 Bg4 55. Ne3 Bf3 56. Bf5 Kb6 57. Nc4+ Kb5 58. Nd6+ Ka4 59. Bd7 Be7 60. Bxc6+ Ka3 61. Nc4+ Ka2 62. b5 Bc5 63. b6 Bd4+ 64. Kb4 Be2 65. b7 Ba7 66. Nxe5 1-0

[Event "*** Titled Tuesday Blitz"]
[Site "Chess.com"]
[Date "2020.05.05"]
[Round "8"]
[White "cuprichanin"]
[Black "Natalya_Buksa"]
[Result "0-1"]
[WhiteElo "2330"]
[BlackElo "2494"]
[TimeControl "180+1"]
[EndTime "11:36:33 PDT"]
[Termination "Natalya_Buksa won by resignation"]

1. Nc3 d5 2. e4 dxe4 3. Nxe4 Nf6 4. Nxf6+ exf6 5. Bc4 Bd6 6. Qe2+ Qe7 7. Qxe7+ Bxe7 8.
Ne2 O-O 9. O-O b6 10. d4 Bb7 11.
Ng3 Rd8 12. c3 Ba6 13. Bxa6 Nxa6 14. Re1 Bf8 15. Bf4 c5 16. Rad1 cxd4 17. cxd4 Rd5 18.
h4 Rad8 19. a3 Bc5 20. Nf5 Kf8 21. Ne3 Rxd4 22. Rxd4 Rxd4 23. Bg3 g6 24. b4 Be7 25. Rc1 f5 26. Be5 Rd8 27. g3 f6 28. Bb2 Kf7 29. Rc6 Rd2 30. Bc3 Rd7 31. g4 f4 32. Ng2 f3 33. Ne1 Rd1 34. Kh2 Bd6+ 35. Kh3 Ke6 36. Nxf3 Kd7 37. Rc4 Rd3 38. Kg2 b5 39.
Rd4 Rxc3 40. h5 Nc7 41. h6 Ne6 42. Rd1 Nf4+ 43. Kg3 Rd3 44. Rxd3 Nxd3+ 45. Kg2 Nb2 46. g5 Ke7 47. Nd4 a6 48. Nc6+ Kf8 49. Nd4 Be5 50. Ne6+ Kf7 51. Nc5 fxg5 52. Nxa6 Nc4 53. Nc5 Nxa3 54.
Nd3 Bd6 55. Kf3 Nc2 56. Kg4 Nxb4 57. Ne1 Nc6 58. Nf3 Ne5+ 59. Nxe5+ Bxe5 60. Kxg5 b4 61. f4 Bxf4+ 62. Kxf4 b3 0-1

[Event "*** Titled Tuesday Blitz"]
[Site "Chess.com"]
[Date "2020.05.05"]
[Round "8"]
[White "Konavets"]
[Black "DrVelja"]
[Result "1/2-1/2"]
[WhiteElo "2917"]
[BlackElo "2654"]
[TimeControl "180+1"]
[EndTime "11:36:35 PDT"]
[Termination "Game drawn by 50-move rule"]

1. d4 Nf6 2. Nf3 g6 3. c4 Bg7 4. Nc3 d5 5. cxd5 Nxd5 6. e4 Nxc3 7. bxc3 c5 8. Rb1 O-O 9. Be2 cxd4 10. cxd4 Qa5+ 11.
Bd2 Qxa2 12. O-O Bg4 13. Bg5 h6 14. Be3 Nc6 15. d5 Ne5 16. Rxb7 a5 17. Rxe7 a4 18. Rb7 a3 19. Re1 Rfb8 20. Rxb8+ Rxb8 21. d6 Bxf3 22. gxf3 Qe6 23. f4 a2 24. fxe5 Rb1 25. Qxb1 axb1=Q 26. Rxb1 Bxe5 27. Rb6 Bxd6 28. Bf4 Qxe4 29. Bxd6 Qxe2 30.
Bg3 Qd1+ 31. Kg2 Qd5+ 32. Kg1 Kg7 33. h4 h5 34. Rb1 f6 35. Kh2 g5 36. hxg5 fxg5 37. Re1 h4 38. Bxh4 gxh4 39. Re3 Qf5 40. Kg2 Kg6 41. Rh3 Qg4+ 42. Kh2 Kf5 43. Re3 Qf4+ 44.
Kg2 Kg4 45. Rh3 Qd4 46. Re3 Kg5 47. Rh3 Qg4+ 48. Kh2 Qe4 49. Re3 Qb1 50. Kg2 Qd1 51.
Rh3 Kg4 52. Re3 Qd2 53. Rh3 Qd5+ 54. Kh2 Qf7 55. Kg2 Qb7+ 56. Kh2 Qb6 57. Kg2 Qc6+ 58. Kh2 Qc4 59. Kg2 Kf5 60. Re3 Qg4+ 61. Kh2 Kf4 62. Rh3 Ke5 63. Re3+ Kd4 64. Rh3 Qf4+ 65. Kg2 Qg4+ 66.
Kh2 Ke5 67. Re3+ Kf6 68. Rh3 Qd4 69. Kg2 Kg5 70. Re3 Qh8 71. Rh3 Kg4 72. Kh2 Qh7 73. Kg2 Qg6 74. Kh2 Qh5 75. Kg2 Qh8 76. Kh2 Kf4 77. Kg2 Qh5 78. Kh2 Qe2 79. Kg2 Kg4 80. Re3 Qd1 81. Rh3 Qd5+ 82. Kh2 Qe5+ 83. Kg2 Qe2 84.
Re3 Qd1 85. Rh3 Qd7 86. Re3 Kf4 87. Rh3 Qg4+ 88. Kh2 Kf5 1/2-1/2

[Event "*** Titled Tuesday Blitz"]
[Site "Chess.com"]
[Date "2020.05.05"]
[Round "8"]
[White "Jumbo"]
[Black "Leonid_Starozhilov"]
[Result "1-0"]
[WhiteElo "2873"]
[BlackElo "2644"]
[TimeControl "180+1"]
[EndTime "11:36:35 PDT"]
[Termination "Jumbo won by checkmate"]

1. d4 Nf6 2. Bf4 d5 3. e3 Bg4 4. Qd3 c6 5. Qb3 Qb6 6. c4 dxc4 7. Bxc4 e6 8. Nc3 Be7 9. Nge2 Bxe2 10. Kxe2 Nbd7 11. h3 O-O 12. Rhd1 Nd5 13. Bh2 N7f6 14. Kf1 Rfd8 15. Rab1 Rac8 16. Rbc1 h6 17. a3 Bd6 18. Bg1 Be7 19. f3 Nxc3 20. Rxc3 Qc7 21. Rc2 a6 22. Qc3 Qd7 23. Rcd2 Nd5 24. Qd3 b5 25. Bb3 Bg5 26.
Qe2 Qe7 27. f4 Bf6 28. Qf3 Nb6 29. e4 g6 30. Rc2 Qd7 31. Rcc1 Bg7 32. Bf2 h5 33. g4 hxg4 34. hxg4 Qe8 35. f5 gxf5 36. gxf5 exf5 37. Qxf5 Qd7 38. Qh5 Qe7 39. Qf3 Nd7 40. e5 c5 41. dxc5 Nxe5 42. Qf5 Rxd1+ 43. Rxd1 Rd8 44. Rd5 Re8 45. Qe4 Qf6 46. Rd6 Re6 47. Bxe6 fxe6 48. c6 Nf7 49. Rd7 Qxb2 50. c7 Qc1+ 51.
Kg2 Ng5 52. Rd8+ Kf7 53. Qe3 Qc6+ 54. Kf1 Qxc7 55. Qxg5 Bf6 56. Qh5+ Ke7 57. Qe8# 1-0

[Event "*** Titled Tuesday Blitz"]
[Site "Chess.com"]
[Date "2020.05.05"]
[Round "8"]
[White "misteralmeidM"]
[Black "mirochka"]
[Result "0-1"]
[WhiteElo "1738"]
[BlackElo "2140"]
[TimeControl "180+1"]
[EndTime "11:36:36 PDT"]
[Termination "mirochka won on time"]

1. Nf3 c5 2. e4 Nc6 3. c3 Nf6 4. Be2 Nxe4 5. d4 e6 6. d5 exd5 7. Qxd5 Nf6 8. Qg5 h6 9. Qe3+ Be7 10. O-O O-O 11. Ne5 Nxe5 12. Qxe5 d5 13. Bf4 Re8 14.
Re1 Bf8 15. Qc7 Qxc7 16. Bxc7 Bf5 17. Nd2 Rac8 18. Bf4 g5 19. Bg3 Bg7 20. Bb5 Re6 21.
Rxe6 fxe6 22. Be5 Kf7 23. Nf3 a6 24. Be2 Nd7 25. Bxg7 Kxg7 26. Rd1 Kf6 27. h3 b5 28. h4 Nb6 29. hxg5+ hxg5 30. Nh2 Na4 31. Rd2 Rd8 32.
Ng4+ Bxg4 33. Bxg4 e5 34. Bf3 e4 35. Bxe4 d4 36.
f3 Rd6 37. cxd4 Rxd4 38. Rc2 c4 39. g4 Rd1+ 40. Kh2 Rb1 41. b3 cxb3 42. axb3 Rxb3 43. Rc6+ Ke5 44. Rg6 Nc3 45. Rxg5+ Kf4 46. Rf5+ Ke3 47.
Bc6 a5 48. g5 a4 49. g6 Rb2+ 50. Kh3 a3 51. g7 Rb1 52. Re5+ Kf4 53. g8=Q Kxe5 54.
Qg7+ Kf4 55. Qxc3 a2 56. Qd3 a1=Q 57. Qe4+ Kg5 0-1

[Event "*** Titled Tuesday Blitz"]
[Site "Chess.com"]
[Date "2020.05.05"]
[Round "8"]
[White "Sychev_Klementy"]
[Black "vanea_03"]
[Result "1-0"]
[WhiteElo "2884"]
[BlackElo "2647"]
[TimeControl "180+1"]
[EndTime "11:36:37 PDT"]
[Termination "Sychev_Klementy won by resignation"]

1. e4 e5 2. Nf3 Nc6 3. d4 exd4 4. Nxd4 Bb4+ 5. c3 Be7 6. Bf4 Bf6 7. Nxc6 bxc6 8. e5 Bg5 9. Qg4 h6 10. h4 d6 11. Qg3 Bxf4 12. Qxf4 Qe7 13. Nd2 Qxe5+ 14.
Qxe5+ dxe5 15. Nc4 f6 16. Na5 Ne7 17. Bc4 Bg4 18.
h5 Rd8 19. f3 Bc8 20. Ke2 Rd6 21. Rhd1 Nf5 22. g4 Rxd1 23. Rxd1 Nd6 24. Nxc6 Bb7 25. Bd5 Bxc6 26. Bxc6+ Ke7 27. c4 Rd8 28. c5 Nf7 29.
Rxd8 Nxd8 30. Be4 Ne6 31. b4 Nd4+ 32. Kd3 c6 33. a4 Ke6 34. Kc3 Kd7 35. Kc4 a6 36.
Kc3 Kc7 37. Kd2 Ne6 38. Bd3 Kb7 39. Bc4 Nd4 40. Be2 a5 41. bxa5 Nb3+ 42. Kc3 Nxc5 43.
Bd1 Ka6 44. Kc4 Ne6 45. Kb4 c5+ 46. Kc4 Kxa5 47. Kd5 Nd4 48. Kxc5 f5 49. Kd5 fxg4 50. fxg4 Kb4 51. Kxe5 Nc6+ 52. Kf5 Ne7+ 53. Ke6 Ng8 54. Kf7 1-0

[Event "*** Titled Tuesday Blitz"]
[Site "Chess.com"]
[Date "2020.05.05"]
[Round "8"]
[White "Cocaino74"]
[Black "UCantHandleDenker"]
[Result "0-1"]
[WhiteElo "2343"]
[BlackElo "2567"]
[TimeControl "180+1"]
[EndTime "11:36:37 PDT"]
[Termination "UCantHandleDenker won by checkmate"]

1. e4 c5 2. Nf3 d6 3. Bb5+ Bd7 4. Bxd7+ Qxd7 5. c4 Nc6 6. d4 cxd4 7. Nxd4 g6 8. O-O Bg7 9. Be3 Nf6 10. Nc3 O-O 11.
f3 Rfc8 12. b3 Qd8 13. Qd2 a6 14. Rfd1 Rab8 15. Rac1 Qa5 16. a4 Ne5 17. Qf2 h5 18. h3 Nc6 19. g4 hxg4 20. hxg4 Qb4 21. Na2 Qa3 22. Kg2 Nxd4 23. Bxd4 Qxb3 24. c5 Qxa4 25. cxd6 exd6 26. g5 Nh5 27. Bxg7 Nxg7 28. Rxc8+ Rxc8 29. Rxd6 Ne6 30. Kg3 Qa5 31. Qb2 Qxg5+ 32. Kf2 Qe7 33. e5 Qc7 34. Rd2 Qc5+ 35. Kf1 b5 36. Nb4 a5 37. Nd5 Kg7 38. Nf6 Qc1+ 39. Qxc1 Rxc1+ 40. Kf2 Rc5 41. Kg3 Rxe5 42. Nd7 Rg5+ 43. Kf2 Rf5 44.
Nb6 b4 45. Nc4 a4 46. Nd6 Ra5 47. Ra2 b3 48. Ra3 b2 49. Nc4 Rc5 50. Na5 Rxa5 51. Ra1 Rb5 52. Rb1 a3 53. Rh1 a2 54. Kg3 b1=Q 55.
Rh7+ Kxh7 56. Kg4 Kg7 57. f4 Qf5+ 58. Kh4 Rb4 59. Kg3 Qxf4+ 60. Kg2 Rb2+ 61. Kh1 a1=Q# 0-1